 Dungeon Crawl Stone Soup version 0.18.1-50-g88ac8fd (webtiles) character file.

8925 Chiseanne the Thaumaturge (level 11, -6/74 HPs)
             Began as a Centaur Air Elementalist on Oct 7, 2016.
             Was an Initiate of Gozag.
             Mangled by an orc warrior
             ... wielding a +2 war axe of electrocution
              (13 damage)
             ... on level 9 of the Dungeon.
             The game lasted 00:55:51 (19191 turns).

Chiseanne the Thaumaturge (CeAE)                   Turns: 19191, Time: 00:55:52

Health: -6/74      AC: 17    Str: 12    XL:     11   Next: 16%
Magic:  4/26       EV:  7    Int: 17    God:    Gozag
Gold:   181        SH:  0    Dex:  9    Spells: 3 memorised, 27 levels left

rFire  . . .     SeeInvis .     a - +5 spear (venom)
rCold  + . .     Gourm    +     n - +3 robe of Clouds {+Fly rElec}
rNeg   . . .     Faith    .     (no shield)
rPois  .         Spirit   .     e - +2 helmet
rElec  +         Dismiss  .     H - +2 cloak
rCorr  .         Reflect  .     (no gloves)
SustAt .         Harm     .     Q - +0 centaur barding
MR     .....                    k - amulet of the gourmand
Stlth  ++........               y - ring of stealth
                                q - ring of protection from cold

@: gold aura, very quick, not resistant to hostile enchantments, unstealthy
A: hooves 3, deformed body, speed 2, tough skin 3
a: Potion Petition, Call Merchant, Bribe Branch, Renounce Religion, Evoke Flight


You were on level 9 of the Dungeon.
You worshipped Gozag.
Gozag was noncommittal.
You were not hungry.

You visited 3 branches of the dungeon, and saw 12 of its levels.
You also visited: Sewer.

You collected 2056 gold pieces.
You spent 318 gold pieces at shops.
You paid 1557 gold pieces to Gozag.

Inventory:

Hand Weapons
 a - a +5 spear of venom (weapon)
 d - a +1 whip of freezing
 s - a +3 mace of holy wrath
 w - a +2 hunting sling of flaming
 B - a +4 quarterstaff of chaos
 F - a +2 mace of protection
 R - a +0 dagger of electrocution
 Y - a +1 whip of flaming
Missiles
 g - 9 tomahawks of returning
 i - 191 stones
 j - 15 tomahawks (quivered)
 o - 57 sling bullets
 D - 173 arrows
 J - 77 bolts
 K - a throwing net
 V - 15 poisoned needles
Armour
 e - a +2 helmet (worn)
 n - the +3 robe of Clouds (worn) {+Fly rElec}
   (You bought it in a shop on level 9 of the Dungeon)

   It insulates you from electricity.
   It lets you fly.
 A - a +2 leather armour of positive energy
 H - a +2 cloak (worn)
 N - a +1 cloak of invisibility
 Q - a +0 centaur barding (worn)
 W - a troll hide
Magical Staves
 v - an uncursed staff of death {unknown}
 P - an uncursed staff of power {unknown}
Jewellery
 k - an amulet of the gourmand (around neck)
 q - a ring of protection from cold (left hand)
 y - a ring of stealth (right hand)
 C - an uncursed ring of ice
 O - a +5 ring of protection {unknown}
 X - the ring "Saizac" {rPois rF+ Int+5, unknown}
   (You found it on level 10 of the Dungeon)

   [ring of intelligence]

   It affects your intelligence (+5).
   It protects you from fire.
   It protects you from poison.
Scrolls
 h - 2 scrolls of teleportation
 p - a scroll of blinking
 u - a scroll of recharging
Potions
 l - 6 potions of flight
 z - a potion of resistance
 S - 2 potions of invisibility
 T - a potion of might
Books
 b - a book of Air

   Spells                             Type                      Level
   a - Shock                          Conjuration/Air              1
   b - Swiftness                      Charms/Air                   2
   c - Repel Missiles                 Charms/Air                   2
   d - Static Discharge               Conjuration/Air              3
   e - Lightning Bolt                 Conjuration/Air              5
 f - a book of Fire

   Spells                             Type                      Level
   a - Ignite Poison                  Fire/Transmutation/Poison    3
   b - Fireball                       Conjuration/Fire             5
   c - Bolt of Fire                   Conjuration/Fire             6
   d - Delayed Fireball               Conjuration/Fire             7
   e - Ring of Flames                 Charms/Fire                  7
 M - a book of Spatial Translocations

   Spells                             Type                      Level
   a - Apportation                    Translocation                1
   b - Blink                          Translocation                2
   c - Shroud of Golubria             Charms/Translocation         2
   d - Portal Projectile              Translocation                3
   e - Teleport Other                 Translocation                3
   f - Passage of Golubria            Translocation                4
Comestibles
 c - 5 bread rations
 m - 10 slices of pizza
 t - a meat ration
 E - 2 royal jellies
 U - 4 fruits


   Skills:
 - Level 1.3 Dodging
 - Level 1.2 Stealth
 * Level 11.3 Spellcasting
 - Level 6.0 Conjurations
 - Level 6.9 Air Magic


You had 27 spell levels left.
You knew the following spells:

 Your Spells              Type           Power        Failure   Level  Hunger
a - Shock                 Conj/Air       ####         1%          1    None
b - Static Discharge      Conj/Air       ####....     1%          3    None
c - Apportation           Tloc           #.........   10%         1    None


Dungeon Overview and Level Annotations

Branches:
Dungeon (10/15)            Temple (1/1) D:4            Lair (0/8) D:8
    Orc (1/2) D:9

Altars:
Ashenzari
Cheibriados
Dithmenos
Elyvilon
Fedhas
Gozag
Kikubaaqudgha
Makhleb
Nemelex Xobeh
Okawaru
Pakellas
Qazlal
Ru
Sif Muna
Trog
Vehumet
Xom
Yredelemnul
Zin
The Shining One

Shops:
D:9 [[


Innate Abilities, Weirdness & Mutations

You have hooves in place of feet.
Armour fits poorly on your strangely shaped body.
You cover ground very quickly.
You have extremely tough skin (AC +3).


Message History

The lightning grounds out.
The orc priest mumbles some strange prayers to Beogh against you.
Pain shoots through your body!
* * * LOW HITPOINT WARNING * * *
The orc warrior hits you with a war axe of electrocution!
* * * LOW HITPOINT WARNING * * *
The orc closely misses you.
Casting: Static Discharge
Confirm with . or Enter, or press ? or * to list all spells.
The orc warrior is struck by lightning.
You kill the orc warrior!
The lightning arcs!
You are struck by lightning.
You resist.
* * * LOW HITPOINT WARNING * * *
The lightning arcs!
The orc is struck by lightning.
You kill the orc!
The lightning grounds out.
The orc priest miscasts a cantrip.
The orc warrior hits you with a war axe of electrocution!
You die...
Your body crumbles into a pile of gold.

..###..........§............#....
..#...................#####.#p...
.##...................#...#.#....
.#....................#...'.#....
.#........####.....####...#.#....
.#........#.....8.....#####.#....
.#........#....§..[...#.....#....
.#.............$[$§....#....#....
.#.........8...o@∩...8......#....
.#.......#.....≈§o..........#....
.####'#####...).......#####.#....
.##.....# #.....8.....#...###....
..####.#######.....####..........
..#.....#.........[..............
..####.##.................######.
####§'..#....p..).........#....#.
..####..#.................#....##


You could see an orc warrior, an orc priest and a neutral freed slave
(wandering).

Vanquished Creatures
  A hill giant (D:10)
  An ugly thing (D:10)
  A two-headed ogre (D:8)
  2 trolls
  Sigmund (D:5)
  2 yaks (D:9)
  A human (D:9)
  A hungry ghost (D:10)
  A hippogriff (D:10)
  A water moccasin (D:8)
  Duvessa (D:7)
  2 hell hounds (D:8)
  7 orc warriors
  A sky beast (D:5)
  An eye of draining (D:10)
  2 phantoms
  A slave (D:9)
  2 ice beasts
  A boggart (D:10)
  7 centaurs
  5 ogres
  A crocodile (D:10)
  2 big kobolds (D:10)
  A gnoll sergeant (D:9)
  6 giant frogs
  A wyvern zombie (D:10)
  Dowan (D:7)
  A water moccasin zombie (D:3)
  A wyvern skeleton (D:10)
  5 scorpions
  8 howler monkeys
  3 crimson imps
  2 giant frog zombies (D:5)
  A quasit (D:9)
  3 centaur skeletons (D:5)
  3 jellies
  5 orc priests
  9 hounds
  11 orc wizards
  Crazy Yiuf (D:7)
  A gnoll shaman (D:6)
  2 iguanas
  4 worker ants
  Natasha (twice) (D:4)
  2 killer bee zombies
  A howler monkey zombie (D:7)
  Robin (D:2)
  16 gnolls
  A howler monkey skeleton (D:4)
  23 adders
  6 river rats
  2 shadow imps
  10 oozes (Sewer)
  An adder skeleton (D:7)
  2 worms
  3 dart slugs
  19 giant geckos
  44 orcs
  13 ball pythons
  6 bats
  15 giant cockroaches
  12 goblins
  7 hobgoblins
  7 jackals
  14 kobolds
  8 quokkas
  A giant gecko skeleton (D:6)
  A giant gecko zombie (D:5)
  8 giant newts
  24 rats
  2 fungi (D:7)
365 creatures vanquished.

Vanquished Creatures (collateral kills)
  Pikel (D:9)
  A yak (D:9)
2 creatures vanquished.

Vanquished Creatures (others)
  2 yaks (D:9)
  A slave (D:9)
  A centaur skeleton (D:9)
  An adder (D:9)
5 creatures vanquished.

Grand Total: 372 creatures vanquished

Notes
Turn   | Place    | Note
--------------------------------------------------------------
     0 | D:1      | Chiseanne the Centaur Air Elementalist began the quest for the Orb.
     0 | D:1      | Reached XP level 1. HP: 14/14 MP: 3/3
    60 | D:1      | Reached skill level 1 in Conjurations
   596 | D:1      | Reached XP level 2. HP: 18/20 MP: 0/4
   813 | D:1      | Reached skill level 2 in Spellcasting
  1165 | D:2      | Noticed Robin
  1176 | D:2      | Reached XP level 3. HP: 26/26 MP: 1/6
  1921 | D:2      | Killed Robin
  2077 | D:2      | Found a white marble altar of Elyvilon.
  2078 | D:2      | Found a glowing silver altar of Zin.
  2084 | D:2      | Found a glowing golden altar of the Shining One.
  2209 | D:2      | Found an ancient bone altar of Kikubaaqudgha.
  2545 | D:2      | Reached XP level 4. HP: 24/33 MP: 0/7
  3209 | D:3      | Reached XP level 5. HP: 25/38 MP: 0/8
  3242 | D:3      | Found a glowing drain.
  3246 | Sewer    | Entered a sewer
  3607 | Sewer    | Learned a level 3 spell: Static Discharge
  4997 | Sewer    | Reached XP level 6. HP: 40/45 MP: 4/10
  5101 | Sewer    | Reached skill level 3 in Spellcasting
  6421 | D:3      | Reached skill level 5 in Air Magic
  6421 | D:3      | Reached XP level 7. HP: 33/50 MP: 0/12
  7255 | D:4      | Noticed Natasha
  7261 | D:4      | Killed Natasha
  7773 | D:4      | Reached skill level 4 in Spellcasting
  8030 | D:4      | Noticed Natasha
  8038 | D:4      | Killed Natasha
  8107 | D:4      | Found a staircase to the Ecumenical Temple.
  8124 | Temple   | Entered the Ecumenical Temple
  8314 | D:5      | Entered Level 5 of the Dungeon
  8333 | D:5      | Found a shadowy altar of Dithmenos.
  8614 | D:5      | Noticed Sigmund
  8622 | D:5      | Killed Sigmund
  8622 | D:5      | Reached XP level 8. HP: 44/57 MP: 7/14
  8801 | D:5      | Reached skill level 5 in Conjurations
 10353 | D:6      | Reached skill level 5 in Spellcasting
 10430 | D:6      | Found a shattered altar of Ashenzari.
 10544 | D:6      | Found a deep blue altar of Sif Muna.
 10897 | D:6      | Found Emaga's Magic Scroll Shop.
 11278 | D:6      | Reached XP level 9. HP: 32/62 MP: 1/17
 11731 | D:6      | Reached skill level 6 in Spellcasting
 11941 | D:7      | Noticed Duvessa
 11953 | D:7      | Killed Duvessa
 11959 | D:7      | Noticed Dowan
 11967 | D:7      | Killed Dowan
 12250 | D:7      | Got an ichor-stained arbalest
 12332 | D:7      | Identified a scroll of acquirement
 12391 | D:7      | Identified the cursed +1 arbalest of the Vaults {freeze, rF+ Str+5 Int-2} (You found it on level 7 of the Dungeon)
 12419 | D:7      | Reached skill level 7 in Spellcasting
 13071 | D:7      | Noticed Crazy Yiuf
 13074 | D:7      | Killed Crazy Yiuf
 13133 | D:7      | Noticed a troll
 13144 | D:7      | Killed a troll
 13382 | D:8      | Found a stormy altar of Qazlal.
 13440 | D:8      | Reached skill level 8 in Spellcasting
 13962 | D:8      | Found a bloodstained altar of Trog.
 14011 | D:8      | Reached XP level 10. HP: 23/69 MP: 12/22
 14525 | D:8      | Found a staircase to the Lair.
 14996 | D:8      | Reached skill level 9 in Spellcasting
 15735 | D:9      | Found a staircase to the Orcish Mines.
 16021 | D:9      | Noticed Pikel
 16038 | D:9      | Killed Pikel
 16438 | D:9      | Reached skill level 10 in Spellcasting
 16784 | D:9      | Learned a level 1 spell: Apportation
 16800 | D:9      | Found a burning altar of Makhleb.
 16801 | D:9      | Found an opulent altar of Gozag.
 16807 | D:9      | Became a worshipper of Gozag Ym Sagoz the Greedy
 17063 | D:10     | Entered Level 10 of the Dungeon
 17664 | D:10     | Noticed a hill giant
 17685 | D:10     | Killed a hill giant
 18024 | D:10     | Reached XP level 11. HP: 71/74 MP: 22/25
 18041 | D:10     | Got a sparkling brass ring
 18120 | D:10     | Reached skill level 11 in Spellcasting
 18398 | D:9      | Bought the +3 robe of Clouds {+Fly rElec} for 318 gold pieces
 18590 | D:10     | Noticed a red ugly thing
 18847 | D:10     | Killed a red ugly thing
 19181 | Orc:1    | Entered Level 1 of the Orcish Mines
 19183 | Orc:1    | Noticed an orc sorcerer
 19191 | D:9      | Mangled by an orc warrior

Skill      XL: |  1  2  3  4  5  6  7  8  9 10 11 |
---------------+----------------------------------+-----
Conjurations   | 1 2 3 4 6 |  6.0
Air Magic      | 3 4 5 6 |  6.9
Spellcasting   | 2 3 4 5 8 10 11 | 11.3
Dodging        | |  1.3
Stealth        | |  1.2

Action                   |  1- 3 |  4- 6 |  7- 9 | 10-12 || total
-------------------------+-------+-------+-------+-------++-------
Melee: Unarmed           |    21 |       |       |       ||    21
       Kick              |     8 |       |    27 |    22 ||    57
       Dagger            |    16 |     2 |       |       ||    18
       Mace              |    27 |     4 |    23 |    10 ||    64
       Spear             |       |       |   127 |   107 ||   234
       Hunting sling     |       |       |     1 |       ||     1
       Whip              |       |       |       |    11 ||    11
 Fire: Hunting sling     |     7 |    68 |    48 |       ||   123
Throw: Tomahawk          |       |       |     1 |       ||     1
 Cast: Shock             |    65 |   236 |   273 |   183 ||   757
       Static Discharge  |       |       |    63 |    62 ||   125
Invok: Call Merchant     |       |       |       |     2 ||     2
Evoke: Wand              |       |       |       |    24 ||    24
  Use: Scroll            |     2 |     2 |    10 |     6 ||    20
       Potion            |     1 |     2 |     6 |     2 ||    11
 Stab: Distracted        |       |       |     1 |       ||     1
       Sleeping          |       |       |     1 |       ||     1
       Paralysed         |       |       |       |     4 ||     4
  Eat: Chunk             |     6 |    29 |    23 |     8 ||    66
Armor: Robe              |    28 |    66 |    35 |    36 ||   165
       Leather armour    |       |       |    67 |   108 ||   175
Dodge: Dodged            |    36 |    84 |    97 |    79 ||   296
